 Dungeon Crawl Stone Soup version 0.31.0-11-ge490571c62 (webtiles) character file.

Game seed: 13520008211801887689

376 ces the Shooter (level 6, -1/30 HPs)
             Began as a Spriggan Hunter on Jan 28, 2024.
             Slain by an ogre
             ... wielding a +0 giant club
              (31 damage)
             ... on level 5 of the Dungeon.
             The game lasted 00:07:27 (3905 turns).

ces the Shooter (Spriggan Hunter)                   Turns: 3905, Time: 00:07:27

Health: -1/30      AC:  2    Str:  7    XL:     6   Next: 44%
Magic:  7/7        EV: 20    Int: 10    God:
Gold:   272        SH:  0    Dex: 21    Spells: 5/5 levels left

rFire   . . .        a - +0 shortbow
rCold   . . .        (shield currently unavailable)
rNeg    . . .        c - +0 robe
rPois   .            (helmet restricted)
rElec   .            (no cloak)
rCorr   .            (gloves unavailable)
SInv    +            (boots unavailable)
Will    +....        (no amulet)
Stlth   +++          (no ring)
HPRegen 0.25/turn    (no ring)
MPRegen 0.10/turn

%: no passive effects
@: very quick
A: very small, no large weapons, unfitting armour, see invisible, speed 3
a: no special abilities


You were on level 5 of the Dungeon.
You visited 1 branch of the dungeon, and saw 5 of its levels.

You collected 272 gold pieces.

Inventory:

Hand Weapons
 a - a +0 shortbow (weapon)
Armour
 c - a +0 robe (worn)
Jewellery
 g - a ring of wizardry
 l - a +6 ring of dexterity
 m - a ring of protection from cold
 p - a ring of protection from cold
 v - a ring of willpower
Wands
 u - a wand of iceblast (12)
Scrolls
 b - a scroll of butterflies
 d - 3 scrolls of teleportation
 e - a scroll of immolation {unknown}
 f - a scroll of vulnerability {unknown}
 j - a scroll of noise {unknown}
 n - a scroll of blinking {unknown}
 r - a scroll of fear {unknown}
Potions
 h - a potion of attraction
 i - a potion of magic
 k - 4 potions of curing {unknown}
 o - a potion of brilliance
 s - 2 potions of invisibility {unknown}
 t - a potion of enlightenment


   Skills:
 - Level 1.5 Fighting
 * Level 6.2 Ranged Weapons
 + Level 5.0 Dodging
 + Level 5.3 Stealth


You had 5 spell levels left.
You didn't know any spells.
Your spell library contained the following spells:

 Spells                   Type           Power      Damage    Failure   Level
 Freeze                   Ice            0%         1d3       36%         1
 Frozen Ramparts          Ice            0%         1d1       75%         3
 Hailstorm                Conj/Ice       0%         3d5       75%         3


Dungeon Overview and Level Annotations

Branches:
Dungeon (5/15)             Temple (0/1) D:4

Altars:
Cheibriados
Elyvilon

Shops:
D:1 !


Innate Abilities, Weirdness & Mutations

You are very small and have problems with some larger weapons.
You are too small for most types of armour.
You have supernaturally acute eyesight. (SInv)
You cover ground extremely quickly. (Speed+++)


Message History

The arrow barely misses the bombardier beetle.
The bombardier beetle sprays incendiary fluid at you.
The burning spray misses you.
You shoot an arrow.
The arrow barely misses the bombardier beetle.
You shoot an arrow.
The arrow closely misses the bombardier beetle.
You shoot an arrow. The arrow hits the bombardier beetle.
The bombardier beetle is moderately wounded.
The bombardier beetle sprays incendiary fluid at you.
The burning spray hits you.
You are covered in liquid fire!
You shake off some of the fire as you move.
The liquid fire burns you!
You shake off some of the fire as you move.
The liquid fire burns you!
You shake off the liquid fire.
A bombardier beetle is nearby!
Found a scroll labelled TOATESKI RIEZ.
An orc comes into view. It is wielding a +0 trident.
An ogre comes into view. It is wielding a +0 giant club.
Found a chain mail.
Found 5 stones.
You shoot an arrow. The arrow completely misses the orc.
The orc shouts!
The orc suddenly cheers.
The ogre shouts!
You shoot an arrow. The arrow closely misses the orc.
You shoot an arrow. The arrow hits the ogre!
The ogre is moderately wounded.
A phantom comes into view.
You shoot an arrow. The arrow hits the orc!
You kill the orc!
You shoot an arrow. The arrow hits the ogre!
The ogre is heavily wounded.
You shoot an arrow. The arrow hits the ogre.
The ogre is severely wounded.
The ogre hits you with a +0 giant club!!
Ouch! That really hurt!
You die...

.. . .#.#.####
######### (........
#........ #.#.#..#
#.####### ......#
#.# .#[#)#.W# #.#
#.# ........### #.#
#.###### #.O.# #.#
#......#
###@###.#########.#
#...#.........#.##
#......#....# #.##
#....#...# #.##
#........######.##
#......#........##
####...#####.#####
##### #...###
#.......


You could see an ogre and a phantom.

Vanquished Creatures
  An ice beast (D:5)
  A bombardier beetle (D:5)
  A hound (D:5)
  An iguana (D:3)
  Natasha (twice) (D:3)
  4 gnolls (D:3)
  3 adders
  2 dart slugs
  3 ribbon worms
  8 orcs
  9 endoplasms
  4 giant cockroaches
  7 goblins
  3 hobgoblins
  4 kobolds
  2 quokkas
  4 ball pythons
  4 bats
  3 frilled lizards
  A rat (D:1)
67 creatures vanquished.

Notes
Turn   | Place    | Note
-------+----------+-------------------------------------------
     0 | D:1      | ces the Spriggan Hunter began the quest for the Orb.
     0 | D:1      | Reached XP level 1. HP: 10/10 MP: 2/2
   111 | D:1      | Found Johir's Distillery.
   269 | D:1      | Reached XP level 2. HP: 14/14 MP: 3/3
   702 | D:2      | Reached XP level 3. HP: 8/18 MP: 4/4
   844 | D:2      | Found a faded altar of an unknown god.
  1437 | D:3      | Found a snail-covered altar of Cheibriados.
  1623 | D:3      | Reached XP level 4. HP: 22/22 MP: 5/5
  1625 | D:3      | Found a white marble altar of Elyvilon.
  1702 | D:3      | Reached skill level 5 in Ranged Weapons
  1880 | D:3      | Noticed Natasha
  1893 | D:3      | Killed Natasha
  1894 | D:3      | Reached XP level 5. HP: 15/25 MP: 6/6
  2079 | D:3      | Noticed Natasha
  2084 | D:3      | Killed Natasha
  2551 | D:4      | Found a staircase to the Ecumenical Temple.
  2947 | D:5      | Entered Level 5 of the Dungeon
  3341 | D:5      | Noticed an ice beast
  3401 | D:5      | Killed an ice beast
  3402 | D:5      | Reached skill level 6 in Ranged Weapons
  3402 | D:5      | Reached skill level 5 in Stealth
  3402 | D:5      | Reached XP level 6. HP: 30/30 MP: 7/7
  3624 | D:5      | Reached skill level 5 in Dodging
  3905 | D:5      | Slain by an ogre

Illustrated notes

Levels and vault maps discovered:
D:1:      sevenhm_arrival_forest_fort_small_3, layout_basic, serial_shops, shop,
          nicolae_figureground_sparkle
D:2:      layout_basic, shapermc_ecumenical_altar_mp_urbaneastern
D:3:      layout_basic, kennysheep_slug_shrine, mainiacjoe_overflow_24_doors,
          kennysheep_generic_room_10, uniq_natasha
D:4:      layout_rooms, minmay_temple_entry_grid, kennysheep_generic_room_11
D:5:      layout_basic, kennysheep_diamond, hangedman_decor_lopped,
          st_stairs_10, roderic_lattice_a, minmay_fountain_box,
          minmay_checkerbox

Skill      XL: |  1  2  3  4  5  6 |
---------------+-------------------+-----
Stealth        | 2 3 4 5 |  5.3
Dodging        | 3 4 5 |  5.0
Ranged Weapons | 5 6 |  6.2
Fighting       | |  1.5

Action                     |  1- 3 |  4- 6 || total
---------------------------+-------+-------++-------
   Fire: Shortbow          |   104 |   151 ||   255
    Use: Scroll            |       |     6 ||     6
 Armour: Robe              |     9 |    22 ||    31
  Dodge: Dodged            |    20 |    39 ||    59
